 Dungeon Crawl Stone Soup version 0.17.1-3-g152610e (webtiles) character file.

171976 Gargoyl the Severer (level 17, 0/137 HPs)
             Began as a Demonspawn Abyssal Knight on Mar 3, 2016.
             Was the Champion of Lugonu.
             Succumbed to a naga ritualist's toxic radiance
             ... on level 4 of the Snake Pit on Mar 4, 2016.
             The game lasted 02:11:45 (48603 turns).

Gargoyl the Severer (Demonspawn Abyssal Knight)    Turns: 48603, Time: 02:11:45

Health: 0/137      AC: 38    Str: 21    XL:     17   Next: 40%
Magic:  24/24      EV: 12    Int: 23    God:    Lugonu [******]
Gold:   3320       SH: 17    Dex: 13    Spells: 0 memorised, 20 levels left

rFire  . . .     SeeInvis +     N - +1 broad axe
rCold  . . .     Clarity  .     q - +8 plate armour "Codu" {rElec}
rNeg   . . .     SustAt   .     j - +3 shield
rPois  .         Gourm    .     n - +0 helmet
rElec  +         Spirit   .     b - +2 cloak
rCorr  .         Warding  .     A - +2 pair of gloves "Mejotargh" {Str+2 Int+4 SInv}
rMut   .         Stasis   .     (boots unavailable)
MR     +....                    (no amulet)
Stlth  ..........               c - +2 ring of evasion
                                O - ring of poison resistance

@: brilliant, lethally poisoned (0 -> -6), exhausted, poison vulnerable, slowed,
very slow, somewhat resistant to hostile enchantments, extremely unstealthy
A: talons 3, iridescent scales 2, foul stench 1, shaggy fur 1, spiny 3, rot
immunity
a: Depart the Abyss, Bend Space, Banish, Corrupt, Enter the Abyss, Brand Weapon
With Distortion, Renounce Religion


You were on level 4 of the Snake Pit.
You worshipped Lugonu.
Lugonu was exalted by your worship.
You were very full.

You visited 5 branches of the dungeon, and saw 26 of its levels.
You visited the Abyss 1 time.
You also visited: Volcano.

You collected 3812 gold pieces.
You spent 492 gold pieces at shops.

Inventory:

Hand Weapons
 g - a +0 broad axe
 N - a +1 broad axe (weapon)
 Y - a +0 flail of venom
Missiles
 f - 51 tomahawks (quivered)
Armour
 b - a +2 cloak (worn)
 j - a +3 shield (worn)
 n - a +0 helmet (worn)
 q - the +8 plate armour "Codu" (worn) {rElec}
   (You found it on level 7 of the Dungeon)

   It insulates you from electricity.
 A - the +2 pair of gloves "Mejotargh" (worn) {Str+2 Int+4 SInv}
   (You found it on level 1 of the Lair of Beasts)

   It affects your strength (+2).
   It affects your intelligence (+4).
   It lets you see invisible.
 U - a +4 plate armour of poison resistance
Jewellery
 c - a +2 ring of evasion (right hand)
 o - an uncursed ring of protection from cold
 t - an uncursed ring of flight
 I - a +2 ring of slaying
 M - an uncursed ring of protection from fire
 O - a ring of poison resistance (left hand)
Wands
 s - a wand of slowing (8)
 x - a wand of digging (12)
 z - a wand of confusion (21)
 J - a wand of teleportation (2)
 K - a wand of disintegration (7)
Scrolls
 a - 3 scrolls of fog
 d - 9 scrolls of remove curse
 e - 6 scrolls of identify
 v - a scroll of amnesia
 y - a scroll of fear
 H - a scroll of magic mapping
Potions
 h - 5 potions of brilliance
 k - 2 potions of cancellation
 p - a potion of resistance
 w - 3 potions of flight
 E - a potion of agility
 G - a potion of haste
 L - a potion of invisibility
Books
 m - a book of Unlife

   Spells                             Type                      Level
   a - Recall                         Summoning/Translocation      3
   b - Animate Dead                   Necromancy                   4
   c - Control Undead                 Necromancy                   4
   d - Cigotuvi's Embrace             Necromancy                   5
   e - Death Channel                  Necromancy                   6
   f - Simulacrum                     Ice/Necromancy               6
 B - a book of Party Tricks

   Spells                             Type                      Level
   a - Summon Butterflies             Summoning                    1
   b - Apportation                    Translocation                1
   c - Tukima's Dance                 Hexes                        3
   d - Alistair's Intoxication        Transmutation/Poison         4
   e - Invisibility                   Hexes                        6
Comestibles
 D - 5 meat rations


   Skills:
 + Level 13.4 Fighting
 + Level 15.0 Axes
 + Level 2.3(10.3) Maces & Flails
 + Level 2.6 Throwing
 + Level 11.6 Armour
 + Level 7.8 Dodging
 + Level 3.5 Stealth
 + Level 14.7 Shields
 + Level 2.2 Unarmed Combat
 + Level 2.2 Spellcasting
 + Level 9.7 Invocations
 + Level 2.7 Evocations


You had 20 spell levels left.
You didn't know any spells.

Dungeon Overview and Level Annotations

Branches:
Dungeon (9/15)             Temple (0/1) D:4            Lair (8/8) D:8
 Shoals (0/4) Lair:3        Snake (4/4) Lair:4        Slime (0/6) Lair:6
    Orc (4/4) D:9             Elf (1/3) Orc:4

Altars:
Ashenzari
Cheibriados
Elyvilon
Fedhas
Kikubaaqudgha
Makhleb
Nemelex Xobeh
Qazlal
Sif Muna
Trog
Vehumet
Yredelemnul
The Shining One
Jiyva

Shops:
D:4 :   D:9 (   Orc:4 %=[*[   Snake:2 ?

Annotations:
Abyss:1 Nergalle, Snorg


Innate Abilities, Weirdness & Mutations

You have claws for feet.
You are mostly covered in iridescent scales (AC +6).
You may emit foul miasma when damaged in melee.
You are completely covered in sharp spines.
You are immune to rotting.
You are covered in fur (AC +1).


Message History

* * * LOW HITPOINT WARNING * * *
You feel very sick.
You continue eating.
* * * LOW HITPOINT WARNING * * *
You feel sick.
You continue eating.
* * * LOW HITPOINT WARNING * * *
You feel very sick.
You finish eating.
That meat ration really hit the spot!
Drink which item? (? for menu, Esc to quit)
Okay, then.
* * * LOW HITPOINT WARNING * * *
You feel sick.
* * * LOW HITPOINT WARNING * * *
You feel sick.
* * * LOW HITPOINT WARNING * * *
You feel sick.
* * * LOW HITPOINT WARNING * * *
You feel sick.
You die...

#..........## ##.## #.##
#...........## #..####..#
#............## ##.....###
..###.........## ##..####.# ..#
##.........###..###...### )##
#....####..#...........# ##
#..### ##.....).....### S# ##.#
##.!.....###.# (# #.#
#..@...#####.# (## #.##
##..........#.# (.#
##..####......##.....#####
.(####.)......###..######.....#
..(#...#####..# #..# ##.#####
......## #..# #..## #.##
#...(..# ##.###...# ##.#
#......## #..##...###.##
##...#..# #..##...##..#


There were no monsters in sight!

Vanquished Creatures
  3 greater nagas
  Nessos (Orc:4)
  An ettin (Orc:3)
  A fire dragon (Lair:8)
  Josephine (Lair:6)
  20 naga warriors
  10 anacondas
  2 hydras
  A deep troll shaman (Lair:8)
  A catoblepas (Lair:7)
  An orc high priest (Orc:4)
  6 shock serpents
  19 death yaks
  15 naga sharpshooters
  4 salamander mystics
  2 deep elf knights (Elf:1)
  2 sea snakes
  A deep elf summoner (Elf:1)
  11 naga ritualists
  3 orc knights
  A lindwurm (Lair:6)
  9 mana vipers
  A deep elf conjurer (Elf:1)
  3 manticores
  3 griffons (Lair:8)
  16 salamanders
  6 orc sorcerers
  3 guardian serpents
  20 elephants
  2 molten gargoyles (Volcano)
  2 gargoyles (Volcano)
  A torpor snail (Lair:6)
  51 black mambas
  28 naga magi
  14 spiny frogs
  5 fire drakes
  10 komodo dragons
  A polar bear (Lair:8)
  2 merfolk
  A snapping turtle (Lair:3)
  9 blink frogs
  A troll (Orc:4)
  3 wraiths (Lair:6)
  5 wyverns
  3 basilisks
  2 deep elf magi (Elf:1)
  6 fire bats (Volcano)
  59 yaks
  A fire elemental (Volcano)
  Grum (D:9)
  16 wolves
  49 nagas
  A warg (Orc:1)
  The ghost of urm the Magician, an amateur HuWn (D:3)
  19 hippogriffs
  A deep elf fighter (Elf:1)
  13 porcupines
  14 water moccasins
  Duvessa (D:7)
  2 sky beasts
  3 black bears
  An ice beast (D:9)
  A swamp drake (D:9)
  A hell hound (Lair:8)
  3 phantoms
  31 orc warriors
  8 ogres
  3 centaurs
  17 crocodiles
  26 giant frogs
  A gnoll sergeant (D:9)
  3 scorpions
  Dowan (D:7)
  5 lava snakes (Volcano)
  3 electric eels
  2 quasits
  7 wights
  A centaur zombie (D:5)
  11 iguanas
  3 crimson imps
  A gnoll shaman (D:6)
  Jessica (D:2)
  2 giant frog skeletons
  4 hell rats (Lair:4)
  32 orc priests
  Terence (D:2)
  9 hounds
  39 orc wizards
  12 worker ants
  13 sheep
  2 hound skeletons
  A hound zombie (D:5)
  3 worker ant zombies
  12 gnolls
  10 adders
  46 river rats
  4 shadow imps
  4 adder zombies
  4 adder skeletons
  A worm (D:6)
  5 giant geckos
  206 orcs
  3 bat zombies (D:7)
  6 giant cockroaches
  7 goblins
  11 hobgoblins
  11 jackals
  17 kobolds
  4 quokkas
  4 bats
  2 giant gecko skeletons (D:3)
  A giant gecko zombie (D:5)
  4 giant newts
  A quokka skeleton (D:9)
  7 rats
  A rat zombie (D:7)
  10 fungi
1123 creatures vanquished.

Vanquished Creatures (others)
  6 hydras
  A shock serpent (Snake:1)
  A naga ritualist (Snake:1)
  The ghost of Name63 the Conjurer, a novice GrWz (D:7)
  A komodo dragon (Lair:1)
  A boulder beetle (Lair:4)
  3 basilisks
  2 orc warriors (D:6)
  An orc priest (D:4)
  A gnoll (D:6)
  A fire vortex (Volcano)
  28 fungi
  31 plants
78 creatures vanquished.

Grand Total: 1201 creatures vanquished

Notes
Turn   | Place    | Note
--------------------------------------------------------------
     0 | Abyss:1  | Gargoyl the Demonspawn Abyssal Knight began the quest for the Orb.
     0 | Abyss:1  | Reached XP level 1. HP: 18/18 MP: 2/2
    70 | Abyss:1  | Noticed a large abomination
    98 | Abyss:1  | Noticed a reaper
   101 | D:1      | Escaped the Abyss
   378 | D:1      | Reached * piety under Lugonu
   380 | D:1      | Reached skill level 1 in Dodging
   427 | D:1      | Gained mutation: You have sharp toenails. [demonic ancestry]
   427 | D:1      | Reached XP level 2. HP: 17/24 MP: 3/3
   967 | D:1      | Gained mutation: You are partially covered in iridescent scales (AC +4). [demonic ancestry]
   967 | D:1      | Reached XP level 3. HP: 29/29 MP: 5/5
  1110 | D:2      | Noticed Terence
  1151 | D:2      | Killed Terence
  1244 | D:2      | Gained mutation: You are mostly covered in iridescent scales (AC +6). [demonic ancestry]
  1244 | D:2      | Reached XP level 4. HP: 28/37 MP: 6/6
  1397 | D:2      | Noticed Jessica
  1405 | D:2      | Killed Jessica
  1405 | D:2      | Reached skill level 1 in Stealth
  1410 | D:2      | Reached ** piety under Lugonu
  1721 | D:3      | Noticed urm's ghost (amateur HuWn)
  2080 | D:3      | Gained mutation: You have razor-sharp toenails. [demonic ancestry]
  2080 | D:3      | Reached XP level 5. HP: 42/42 MP: 7/7
  2081 | D:3      | Reached skill level 1 in Shields
  2321 | D:3      | Killed urm's ghost
  2321 | D:3      | Reached skill level 4 in Fighting
  2321 | D:3      | Reached XP level 6. HP: 14/48 MP: 8/8
  3040 | D:3      | Found a burning altar of Makhleb.
  3728 | D:4      | Reached XP level 7. HP: 43/54 MP: 9/9
  3750 | D:4      | Reached *** piety under Lugonu
  4346 | D:4      | Found a staircase to the Ecumenical Temple.
  4491 | D:4      | Found Tokafiz's Book Boutique.
  4645 | D:5      | Entered Level 5 of the Dungeon
  5060 | D:5      | Reached XP level 8. HP: 61/61 MP: 10/10
  5907 | D:5      | Reached **** piety under Lugonu
  6309 | D:5      | Found a shattered altar of Ashenzari.
  6314 | D:5      | Found a bloodstained altar of Trog.
  6559 | D:6      | Reached skill level 5 in Fighting
  6734 | D:6      | Gained mutation: Your flesh is cold resistant. [potion of mutation]
  6734 | D:6      | Gained mutation: You are covered in fur (AC +1). [potion of mutation]
  6734 | D:6      | Gained mutation: You have a pair of small horns on your head. [potion of mutation]
  6741 | D:6      | Reached skill level 5 in Axes
  6792 | D:6      | Reached XP level 9. HP: 15/68 MP: 9/11
  7325 | D:6      | Found a glowing golden altar of the Shining One.
  7363 | D:6      | Found a blossoming altar of Fedhas.
  7372 | D:6      | Reached skill level 5 in Shields
  7691 | D:6      | Reached skill level 5 in Armour
  8514 | D:6      | Reached skill level 6 in Fighting
  8514 | D:6      | Reached skill level 5 in Dodging
  8954 | D:7      | Found a sparkling altar of Nemelex Xobeh.
  8968 | D:7      | Noticed Name63's ghost (novice GrWz)
  8987 | D:7      | Banished Name63's ghost
  9504 | D:7      | Noticed Dowan
  9513 | D:7      | Killed Dowan
  9517 | D:7      | Noticed Duvessa
  9531 | D:7      | Killed Duvessa
 10017 | D:7      | Got an emerald-studded plate armour
 10028 | D:7      | Identified the +8 plate armour "Codu" {rElec} (You found it on level 7 of the Dungeon)
 10239 | D:7      | Found an ancient bone altar of Kikubaaqudgha.
 10308 | D:7      | Reached ***** piety under Lugonu
 10338 | D:7      | Found a white marble altar of Elyvilon.
 10575 | D:8      | Found a staircase to the Lair.
 10719 | D:8      | Reached XP level 10. HP: 58/76 MP: 13/13
 10940 | D:8      | Found a basalt altar of Yredelemnul.
 10955 | D:8      | Found a stormy altar of Qazlal.
 10961 | D:8      | Found a deep blue altar of Sif Muna.
 11046 | D:8      | Gained mutation: You have claws for feet. [mutagenic meat]
 11047 | D:8      | Gained mutation: You are agile. (Dex +2) [mutagenic meat]
 11048 | D:8      | Gained mutation: Your mind is acute. (Int +2) [mutagenic meat]
 11049 | D:8      | Gained mutation: You are weak. (Str -2) [mutagenic meat]
 11054 | D:8      | Reached skill level 7 in Fighting
 11054 | D:8      | Reached skill level 5 in Invocations
 11054 | D:8      | Reached XP level 11. HP: 84/84 MP: 13/15
 11179 | Lair:1   | Entered Level 1 of the Lair of Beasts
 11714 | Lair:1   | Got a pair of ancient gloves
 11725 | Lair:1   | Identified the +2 pair of gloves "Mejotargh" {Str+2 Int+4 SInv} (You found it on level 1 of the Lair of Beasts)
 12857 | Lair:1   | Reached skill level 8 in Axes
 14373 | Lair:2   | Noticed Nergalle
 14389 | Lair:2   | Noticed a spectral orc warlord
 14406 | Lair:1   | Banished Nergalle
 14772 | Lair:2   | Noticed an eight-headed hydra
 14775 | Lair:2   | Banished an eight-headed hydra
 14791 | Lair:2   | Gained mutation: You are immune to rotting. [demonic ancestry]
 14791 | Lair:2   | Reached XP level 12. HP: 92/92 MP: 5/16
 15836 | Lair:2   | Reached skill level 9 in Axes
 16912 | Lair:3   | Noticed a five-headed hydra
 16915 | Lair:3   | Banished a five-headed hydra
 17476 | Lair:3   | Found a staircase to the Shoals.
 18399 | Lair:4   | Found a staircase to the Snake Pit.
 18719 | Lair:3   | Reached ****** piety under Lugonu
 19887 | Lair:3   | Gained mutation: You are partially covered in sharp spines. [demonic ancestry]
 19887 | Lair:3   | Reached XP level 13. HP: 49/101 MP: 18/18
 20268 | Lair:3   | Reached skill level 10 in Axes
 20867 | Lair:4   | Reached skill level 10 in Shields
 21454 | Lair:5   | Got a translucent dire flail
 21455 | Lair:5   | Identified the +1 dire flail "Zoloycw" {crush, MR+ SInv} (You found it on level 5 of the Lair of Beasts)
 21470 | Lair:5   | Noticed Snorg
 21519 | Lair:4   | Banished Snorg
 22124 | Lair:5   | Reached skill level 10 in Fighting
 23643 | Lair:6   | Noticed Josephine
 23659 | Lair:6   | Killed Josephine
 23659 | Lair:6   | Reached skill level 11 in Axes
 23751 | Lair:6   | Found a viscous altar of Jiyva.
 23752 | Lair:6   | Found a staircase to the Slime Pits.
 24567 | Lair:6   | Gained mutation: You may emit foul miasma when damaged in melee. [demonic ancestry]
 24567 | Lair:6   | Reached XP level 14. HP: 90/111 MP: 19/19
 26499 | Lair:8   | Entered Level 8 of the Lair of Beasts
 28385 | Lair:8   | Reached skill level 10 in Armour
 29291 | Lair:8   | Reached skill level 12 in Axes
 29706 | Snake:1  | Entered Level 1 of the Snake Pit
 30230 | Snake:1  | Gained mutation: You are mostly covered in sharp spines. [demonic ancestry]
 30230 | Snake:1  | Reached XP level 15. HP: 69/119 MP: 22/22
 30979 | D:9      | Noticed Grum
 30986 | D:9      | Killed Grum
 30999 | D:9      | Found a radiant altar of Vehumet.
 31020 | D:9      | Found Hyqiusy's Weapon Emporium.
 31391 | D:9      | Found a snail-covered altar of Cheibriados.
 31415 | D:9      | Found a stormy altar of Qazlal.
 31543 | D:9      | Found a staircase to the Orcish Mines.
 31850 | Orc:1    | Entered Level 1 of the Orcish Mines
 32569 | Orc:2    | Found a dark tunnel.
 32579 | Volcano  | Entered a volcano
 32692 | Volcano  | Found a bloodstained altar of Trog.
 34759 | Orc:4    | Entered Level 4 of the Orcish Mines
 34957 | Orc:4    | Paralysed by an orc sorcerer for 3 turns
 35328 | Orc:4    | Found Emolud's Jewellery Shop.
 35328 | Orc:4    | Found Eleet's Armour Boutique.
 35328 | Orc:4    | Found Nafedakk's Antique Armour Shop.
 35336 | Orc:4    | Found Vubaim's Assorted Antiques.
 35342 | Orc:4    | Bought a scroll of teleportation for 90 gold pieces
 35342 | Orc:4    | Bought a potion of heal wounds for 150 gold pieces
 35342 | Orc:4    | Bought a potion of curing for 90 gold pieces
 35594 | Orc:4    | Found Inne Rai's Food Emporium.
 35609 | Orc:4    | Found a staircase to the Elven Halls.
 35638 | Orc:4    | Noticed Nessos
 35650 | Elf:1    | Entered Level 1 of the Elven Halls
 36259 | Orc:4    | Killed Nessos
 36554 | Orc:4    | Paralysed by an orc sorcerer for 2 turns
 37105 | Snake:1  | Reached skill level 13 in Axes
 38761 | Snake:1  | Noticed a greater naga
 38777 | Snake:1  | Killed a greater naga
 39247 | Snake:1  | Mutation became permanent: You have claws for feet. [demonic ancestry]
 39247 | Snake:1  | Reached XP level 16. HP: 59/127 MP: 23/23
 40103 | Snake:2  | Found Hidyom's Magic Scroll Shoppe.
 41063 | Snake:2  | Identified a scroll of acquirement
 41064 | Snake:2  | Got a pair of spiked gloves
 41075 | Snake:2  | Identified the +2 pair of gloves "Rupheopnub" {MP+9} (You acquired it on level 2 of the Snake Pit)
 41136 | Snake:2  | Noticed a greater naga
 41153 | Snake:2  | Killed a greater naga
 41431 | Snake:2  | Bought a scroll of teleportation for 54 gold pieces
 41431 | Snake:2  | Bought a scroll of teleportation for 54 gold pieces
 41431 | Snake:2  | Bought a scroll of teleportation for 54 gold pieces
 42234 | Snake:2  | Reached skill level 14 in Axes
 43963 | Snake:4  | Entered Level 4 of the Snake Pit
 46154 | Snake:4  | Gained mutation: You are completely covered in sharp spines. [demonic ancestry]
 46154 | Snake:4  | Reached XP level 17. HP: 125/136 MP: 24/24
 47845 | Snake:3  | Lost mutation: Your mind is acute. (Int +2) [potion of cure mutation]
 47845 | Snake:3  | Lost mutation: Your flesh is cold resistant. [potion of cure mutation]
 47845 | Snake:3  | Lost mutation: You have a pair of small horns on your head. [potion of cure mutation]
 47845 | Snake:3  | Lost mutation: You are agile. (Dex +2) [potion of cure mutation]
 47845 | Snake:3  | Lost mutation: You are weak. (Str -2) [potion of cure mutation]
 48535 | Snake:4  | Reached skill level 15 in Axes
 48598 | Snake:4  | HP: 6/137 [poisoned by a naga ritualist (toxic radiance)]
 48601 | Snake:4  | HP: 2/137 [poisoned by a naga ritualist (toxic radiance)]
 48603 | Snake:4  | Succumbed to a naga ritualist's toxic radiance

Action                   |  1- 3 |  4- 6 |  7- 9 | 10-12 | 13-15 | 16-18 || total
-------------------------+-------+-------+-------+-------+-------+-------++-------
Melee: Hand axe          |   130 |   279 |   303 |       |       |       ||   712
       War axe           |       |       |   441 |   992 |   756 |       ||  2189
       Broad axe         |       |       |       |       |  1080 |  1137 ||  2217
       Flail             |       |       |       |       |     7 |       ||     7
Throw: Tomahawk          |       |       |     6 |     8 |       |       ||    14
Invok: Depart the Abyss  |     1 |       |       |       |       |       ||     1
       Banish            |       |       |     5 |    12 |    34 |       ||    51
       Bend Space        |       |       |       |     2 |     1 |       ||     3
Evoke: Wand              |       |       |       |       |    10 |       ||    10
  Use: Potion            |     2 |     1 |     9 |     4 |     8 |    10 ||    34
       Scroll            |       |     6 |     8 |     6 |    18 |     8 ||    46
 Stab: Distracted        |     1 |       |       |       |       |       ||     1
       Invisible         |     4 |       |       |       |       |       ||     4
  Eat: Chunk             |     2 |     5 |    18 |    16 |    31 |    11 ||    83
       Bread ration      |       |     1 |     1 |     3 |     4 |     4 ||    13
       Royal jelly       |       |     1 |       |     1 |       |       ||     2
       Fruit             |       |       |       |     9 |     8 |       ||    17
       Pizza             |       |       |       |     1 |     1 |       ||     2
       Meat ration       |       |       |       |       |     3 |     1 ||     4
       Beef jerky        |       |       |       |       |     3 |     3 ||     6
